 Dungeon Crawl Stone Soup version 0.29.0-11-gd7f09526c8 (webtiles) character file.

Game seed: 5057483516803872501

54 gelatine the Ducker (level 3, -3/28 HPs)
             Began as a Demonspawn Gladiator on Sept 3, 2022.
             Slain by an orc priest
             ... wielding a +0 trident
              (4 damage)
             ... on level 3 of the Dungeon.
             The game lasted 00:02:59 (1656 turns).

gelatine the Ducker (Demonspawn Gladiator)          Turns: 1656, Time: 00:03:00

Health: -3/28      AC:  5    Str: 16    XL:     3   Next: 66%
Magic:  3/3        EV:  9    Int:  9    God:
Gold:   94         SH:  4    Dex: 14    Spells: 2/2 levels left

rFire   . . .      SeeInvis .   a - +0 war axe
rCold   . . .      Faith    .   (no shield)
rNeg    . . .      Spirit   .   b - +0 leather armour
rPois   .          Reflect  .   c - +0 helmet
rElec   .          Harm     .   f - +0 cloak
rCorr   .          Rampage  .   (no gloves)
Will    .....                   (no boots)
Stlth   +.........              (no amulet)
HPRegen 0.09/turn               (no ring)
MPRegen 0.08/turn               (no ring)

@: constricted
A: powered by death 1, condensation shield
a: no special abilities


You were on level 3 of the Dungeon.
You visited 1 branch of the dungeon, and saw 3 of its levels.

You collected 94 gold pieces.

Inventory:

Hand Weapons
 a - a +0 war axe (weapon)
Missiles
 d - 3 throwing nets (quivered)
 e - a javelin
 k - 2 curare-tipped darts
Armour
 b - a +0 leather armour (worn)
 c - a +0 helmet (worn)
 f - a +0 cloak (worn)
Scrolls
 g - a scroll of poison {unknown}
 h - a scroll of immolation {unknown}
 i - 3 scrolls of amnesia {unknown}
 j - 5 scrolls of identify {unknown}
 n - a scroll of blinking {unknown}
 o - 2 scrolls of teleportation {unknown}
Potions
 l - 2 potions of flight {unknown}
 m - a potion of attraction {unknown}


   Skills:
 + Level 2.3 Fighting
 + Level 3.3 Axes
 + Level 2.0 Throwing
 + Level 0.2 Armour
 + Level 3.3 Dodging
 + Level 0.1 Shields


You had 2 spell levels left.
You didn't know any spells.
Your spell library contained the following spells:

 Spells                   Type           Power      Damage    Failure   Level
 Freeze                   Ice            0%         1d3       45%         1
 Necrotise                Necr           0%         1d4       45%         1
 Frozen Ramparts          Ice            0%         1d1       83%         3
 Vampiric Draining        Necr           0%         2d6       83%         3
 Hailstorm                Conj/Ice       0%         3d3       99%         4
 Agony                    Necr           0%         N/A       100%        5


Dungeon Overview and Level Annotations

Branches:
Dungeon (3/15)

Altars:
Cheibriados

Shops:
D:2 =


Innate Abilities, Weirdness & Mutations

You regenerate a little health from kills.
A meltable shield of frost defends you. (SH +4)


Message History

You see here a giant cockroach corpse.
There is an open door here.
There is an open door here.
Found an escape hatch in the floor.
Done exploring.
There is a stone staircase leading down here.
You climb downwards.
The orc priest shouts!
The orc shouts!
The orc priest shouts!
The ball python hisses angrily.
The adder hisses angrily.
Found a robe.
There is a stone staircase leading up here.
You slash the orc!
You kill the orc!
The orc priest mumbles some strange prayers to Beogh against you.
Beogh smites you!
You slash the orc!
You kill the orc!
The orc priest looks encouraged for a moment.
You block the orc priest's attack. The orc priest barely misses you.
You hit the orc priest.
The orc priest is moderately wounded.
The orc priest barely misses you.
The orc priest calls upon Beogh to heal the orc priest.
The orc priest's wounds heal themselves!
The orc priest closely misses you.
The orc priest mumbles some strange prayers to Beogh against you.
Beogh smites you!
Ouch! That really hurt!
* * * LOW HITPOINT WARNING * * *
You block the ball python's attack. The ball python grabs you.
The ball python constricts you.
* * * LOW HITPOINT WARNING * * *
There is a stone staircase leading up here.
You escape the ball python's grasp.
The adder bites you but does no damage.
The orc priest hits you with a +0 hand axe.
* * * LOW HITPOINT WARNING * * *
The ball python misses you. The ball python grabs you.
You stop ascending the stairs.
The ball python constricts you.
The orc priest hits you from afar with a +0 trident.
You die...

.# .. ## . .#
#.#.# ## ..
.........##
#.
.#.#.#...##
.. .........#
#.#.#.#..#
.###...S....#
.......@So..#
####....o...#
#.....[..#
#........#
#..........
#.......#.##.
#########.# .
. +


You could see 2 orc priests, an adder and a ball python.

Vanquished Creatures
  2 worms (D:2)
  3 dart slugs
  2 orcs (D:3)
  4 endoplasms
  4 giant cockroaches (D:2)
  3 goblins (D:2)
  4 hobgoblins
  2 quokkas (D:1)
  3 ball pythons (D:1)
  4 bats
  A frilled lizard (D:1)
  4 kobolds
36 creatures vanquished.

Vanquished Creatures (others)
  A plant (D:1)
1 creature vanquished.

Grand Total: 37 creatures vanquished

Notes
Turn   | Place    | Note
-------+----------+-------------------------------------------
     0 | D:1      | gelatine the Demonspawn Gladiator began the quest for the
                  | Orb.
     0 | D:1      | Reached XP level 1. HP: 16/16 MP: 1/1
   330 | D:1      | Gained mutation: A meltable shield of frost defends you.
                  | (SH +4) [demonic ancestry]
   330 | D:1      | Reached XP level 2. HP: 20/22 MP: 2/2
   790 | D:1      | Found a faded altar of an unknown god.
   807 | D:1      | Got Plato's Verses on Gloom
  1049 | D:2      | Found a snail-covered altar of Cheibriados.
  1070 | D:2      | Found Kineap's Jewellery Boutique.
  1079 | D:2      | Gained mutation: You regenerate a little health from kills.
                  | [demonic ancestry]
  1079 | D:2      | Reached XP level 3. HP: 27/27 MP: 3/3
  1656 | D:3      | HP: 1/28 [orc priest/+0 hand axe (1)]
  1656 | D:3      | Slain by an orc priest

Illustrated notes

Levels and vault maps discovered:
D:1:      spicycebolla_green_bress_n_ham_2, layout_basic,
          shapermc_ecumenical_altar_rom_forum
D:2:      minmay_chambers_of_ones, layout_rooms, serial_shops, shop_fountains,
          basic_altar
D:3:      layout_basic, mainiacjoe_overflow_alcove_4, serial_shops,
          nicolae_shop_behind_doors, roderic_lattice_a, nrook_uturn,
          st_stairs_13, minmay_increasing_density

Skill      XL: |  1  2 |
---------------+-------+-----
Dodging        | 3 |  3.3
Throwing       | 2 |  2.0
Axes           | 3 |  3.3
Fighting       | |  2.3
Armour         | |  0.2
Shields        | |  0.1

Action                   || total
-------------------------++-------
Melee: War axe           ||    87
       Punch             ||     1
 Stab: Sleeping          ||     1
Armor: Leather armour    ||    31
Dodge: Dodged            ||    55
Block: Other             ||    11
